[Event "Chess Festival Groningen 2023 | A"]
[Site "Groningen, Netherlands"]
[Date "2023.12.26"]
[Round "5.4"]
[White "Maatman, Nick"]
[Black "Reinderman, Dimitri"]
[Result "1/2-1/2"]
[TimeControl "90min/40moves + 30min + 30sec/move"]
[WhiteElo "2371"]
[BlackElo "2580"]

1. d4 f5 2. Bg5 g6 3. Nc3 Bg7 4. h4 h6 5. Bf4 Nf6 6. Qd3 d6 7. Qg3 O-O 8. Qxg6 Ng4 9. Bg5 hxg5 10.
hxg5 e6 11. e4 c6 12. exf5 exf5 13. O-O-O Rf7 14. Re1 Re7 15. Rxe7 Qxe7 16. Nf3 Qf7 17. Qxd6 Be6 18. Ne5 Nxe5 19.
dxe5 Nd7 20. f4 Bf8 21. Qd3 Nc5 22. Qh3 Bg7 23. Be2 Rd8 24. Bh5 Qe7 25. Bg6 Rd4 26. Qe3 Rc4 27. g4 Ne4 28.
gxf5 Nxc3 29. fxe6 Nd5 30. Qxa7 Rxf4 31. Bf7+ Rxf7 32. exf7+ Kxf7 33. Rf1+ Ke6 34. Qg1 Bxe5 35. Qg4+ Kd6 36.
g6 Kc5 37. Kb1 Bg7 38. Qg1+ Bd4 39. Qg3 Qe2 40. Re1 Qd2 41. Rc1 Bg7 42. Qe1 Qd4 43. Qa5+ Kd6 44. Qd8+ Kc5 45. Qa5+ Kd6 46.
Qd8+ Kc5 47. Qa5+ 1/2-1/2

[Event "Chess Festival Groningen 2023 | A"]
[Site "Groningen, Netherlands"]
[Date "2023.12.26"]
[Round "5.5"]
[White "Bulmaga, Irina"]
[Black "Kanov, Nikola"]
[Result "0-1"]
[TimeControl "90min/40moves + 30min + 30sec/move"]
[WhiteElo "2439"]
[BlackElo "2371"]

1. e4 c5 2. Nf3 e6 3. c3 d5 4. e5 d4 5. d3 Nc6 6.
g3 b6 7.
Bg2 Bb7 8. O-O Qd7 9. cxd4 Nxd4 10. Nxd4 Bxg2 11. Kxg2 Qxd4 12. Nc3 Qd7 13. Qf3 Rd8 14. Rd1 Ne7 15. Bg5 Rc8 16. d4 cxd4 17.
Rac1 Nc6 18. Qe4 Bc5 19. Ne2 O-O 20. Be3 f5 21. exf6 e5 22. fxg7 Qxg7 23. Bd2 d3 24. Qxd3 Rxf2+ 25. Kh1 Nd4 26. Nxd4 Qb7+ 0-1

[Event "Chess Festival Groningen 2023 | A"]
[Site "Groningen, Netherlands"]
[Date "2023.12.26"]
[Round "5.6"]
[White "Gomes, Mary Ann"]
[Black "Panda, Sambit"]
[Result "0-1"]
[TimeControl "90min/40moves + 30min + 30sec/move"]
[BlackFideId "25091794"]
[WhiteElo "2332"]
[BlackElo "2404"]

1. Nf3 d5 2. g3 c5 3. Bg2 Nc6 4. O-O e5 5. d3 Be7 6. Nbd2 Be6 7. e4 d4 8. Nc4 Qc7 9. a4 h5 10.
Ng5 Bxg5 11. Bxg5 f6 12. Bd2 h4 13. f4 hxg3 14. hxg3 O-O-O 15. b3 g6 16. fxe5 Qh7 17. Kf2 fxe5 18.
Ke1 Nh6 19. Rf6 Bg4 20. Bf3 Bd7 21. Qe2 Rdf8 22. Bg5 Qg7 23. Rxf8+ Rxf8 24. Qh2 Nf7 25. Bd2 Qf6 26. Be2 Ng5 27.
Kd1 Rh8 28. Qg2 Bh3 29. Bxg5 Qxg5 30. Qf3 Kc7 31. a5 Bg4 32. Qg2 Rh3 33. Ke1 Be6 34. Kf2 Qh6 35. Kg1 Bxc4 36. bxc4 Qe3+ 37.
Kf1 Rxg3 38. Qf2 Qf4 39. Qxf4 exf4 40. Kf2 g5 41. a6 bxa6 42. Rxa6 Re3 43. Ra1 a5 44. Rg1 Rg3 45. Ra1 Kb6 46.
Rb1+ Nb4 47. Bf3 g4 48. Bd1 a4 49. Ra1 Ka5 50. e5 Re3 51. e6 g3+ 0-1

[Event "Chess Festival Groningen 2023 | A"]
[Site "Groningen, Netherlands"]
[Date "2023.12.26"]
[Round "5.7"]
[White "Beerdsen, Thomas"]
[Black "Aarav, Dengla"]
[Result "0-1"]
[TimeControl "90min/40moves + 30min + 30sec/move"]
[BlackFideId "45059756"]
[WhiteElo "2511"]
[BlackElo "2382"]

1. e4 c5 2. Nf3 d6 3. d4 cxd4 4. Nxd4 Nf6 5. Nc3 Bd7 6. Bc4 Nc6 7. Bb3 g6 8. f3 Bg7 9. Be3 O-O 10.
Qd2 Rc8 11. O-O-O Ne5 12. Kb1 Nc4 13. Bxc4 Rxc4 14. h4 h5 15. g4 Rxc3 16. Qxc3 hxg4 17. h5 Nxh5 18. fxg4 Ng3 19. Rh2 Bxg4 20.
Re1 Nxe4 21. Qd3 Qa5 22. Reh1 Qe5 23. Rh7 Bh5 24. Rxg7+ Kxg7 25. Nc6 Qe6 26. Nd4 Qd5 27. Rf1 Kh7 28.
b3 Nc5 29. Qc3 e5 30. Nf5 Ne4 31. Qe1 Qd1+ 32. Qxd1 Bxd1 33. Nxd6 Bxc2+ 34. Kxc2 Nxd6 35. Bxa7 Ra8 36. Be3 Rxa2+ 37. Kc3 Ra6 38. Kb4 Kg7 39. Rc1 Kf6 40. Rc7 Ke6 41. Bc5 e4 42. Bxd6 Rxd6 43. Kc5 Rc6+ 0-1

[Event "Chess Festival Groningen 2023 | A"]
[Site "Groningen, Netherlands"]
[Date "2023.12.26"]
[Round "5.8"]
[White "Krasenkow, Michal"]
[Black "Lambrechts, Koen"]
[Result "1/2-1/2"]
[TimeControl "90min/40moves + 30min + 30sec/move"]
[WhiteElo "2532"]
[BlackElo "2290"]

1. d4 e6 2. c4 b6 3. e4 Bb7 4. Bd3 Nc6 5. Nf3 Nb4 6. O-O Nxd3 7. Qxd3 d6 8. Nc3 Be7 9. Bd2 Nf6 10.
d5 Nd7 11. b4 e5 12. Na4 O-O 13. Rfc1 Qe8 14. Be3 f5 15. exf5 Qf7 16. Ng5 Bxg5 17. Bxg5 Qxf5 18. Qxf5 Rxf5 19. Be3 Rf7 20. Nc3 Nf6 21.
a4 a5 22. bxa5 Rxa5 23. Nb5 Ne8 24. Rf1 Ra8 25. a5 Rxa5 26. Rxa5 bxa5 27. Ra1 c6 28. dxc6 Bxc6 29. Rxa5 Rb7 30.
h3 Kf7 31. f4 exf4 32. Bxf4 Bxb5 33. cxb5 1/2-1/2

[Event "Chess Festival Groningen 2023 | A"]
[Site "Groningen, Netherlands"]
[Date "2023.12.26"]
[Round "5.9"]
[White "Slagboom, Leandro"]
[Black "Lahaye, Rick"]
[Result "0-1"]
[TimeControl "90min/40moves + 30min + 30sec/move"]
[WhiteElo "2304"]
[BlackElo "2439"]

1. e4 c5 2. Nf3 d6 3. d4 cxd4 4. Nxd4 Nf6 5. Nc3 Bd7 6. f3 e5 7. Nb3 Be7 8. Be3 O-O 9. Qd2 a5 10.
a4 Na6 11. O-O-O Nb4 12. g4 Be6 13. Kb1 Rc8 14. g5 Nh5 15. Rg1 Qc7 16. Qf2 Bd8 17. Rd2 f5 18. Nb5 Qe7 19. Nxd6 Rxc2 20.
Rxc2 Qxd6 21. Rd2 Qc7 22. Nc1 fxe4 23. Qh4 exf3 24. Qxh5 f2 25. Bxf2 Bf5+ 26. Bd3 e4 27. Qd1 exd3 28.
Qb3+ Kh8 29. Bd4 Qd7 30. Bc3 Nd5 31. Rgd1 Bxg5 32. Rxd3 Nxc3+ 33. Qxc3 Bxc1 34. Kxc1 Bxd3 35. Qxd3 Qxa4 36.
Kb1 Qf4 37. h3 h6 38. Qb3 Qf7 39. Qa3 b6 40. Ka1 Qf3 41. Qd6 Rf4 42.
Qd7 Qb3 0-1

[Event "Chess Festival Groningen 2023 | A"]
[Site "Groningen, Netherlands"]
[Date "2023.12.26"]
[Round "5.10"]
[White "Jin, Yueheng"]
[Black "Kollen, Zyon"]
[Result "1/2-1/2"]
[TimeControl "90min/40moves + 30min + 30sec/move"]
[WhiteElo "2398"]
[BlackElo "2318"]

1. d4 e6 2. c4 Nf6 3. g3 d5 4. Nf3 Be7 5. Bg2 O-O 6. O-O dxc4 7. Qc2 b6 8. Ne5 Qxd4 9. Bxa8 Qxe5 10.
Bf3 Nd5 11. Qxc4 Ba6 12. Qe4 Qxe4 13. Bxe4 Rd8 14. Re1 Nc6 15. Kg2 Bf6 16. Na3 Nd4 17. e3 Ne2 18. Rb1 Nb4 19. Kf3 Nxa2 20.
Rxe2 Bxe2+ 21. Kxe2 Nxc1+ 22. Rxc1 Bxb2 23. Rxc7 Bxa3 24. Rxa7 Bc5 25. Ra8 Rxa8 26. Bxa8 b5 27. Bc6 b4 28.
Ba4 g5 29. g4 Kg7 30. Kd3 f5 31. h3 Kf6 32. f3 Ke5 33. Bb3 h6 34. Ba4 Kf6 35. Bb3 e5 36. e4 fxe4+ 37. fxe4 Bd4 38.
Kc4 Bc3 39. Kd5 Ke7 40. Kc6 Bd4 1/2-1/2

[Event "Chess Festival Groningen 2023 | A"]
[Site "Groningen, Netherlands"]
[Date "2023.12.26"]
[Round "5.11"]
[White "Stremavicius, Pijus"]
[Black "Keuning, Selwin"]
[Result "1/2-1/2"]
[TimeControl "90min/40moves + 30min + 30sec/move"]
[WhiteElo "2367"]
[BlackElo "2139"]

1. d4 Nf6 2. Nf3 d5 3. Bf4 c5 4. e3 Nc6 5. Nbd2 Qb6 6. dxc5 Qxb2 7. Rb1 Qc3 8. Bb5 g6 9. e4 dxe4 10.
Be5 Qa5 11. O-O exf3 12. Bxc6+ bxc6 13. Qxf3 Nd5 14. Bxh8 Qxd2 15. c4 f6 16. cxd5 Qxd5 17. Qxd5 cxd5 18. c6 Ba6 19. Rfc1 Bc4 20.
Rb7 Rc8 21. Bxf6 Rxc6 22. Bxe7 Bxe7 23. Re1 Be2 24. Rxe7+ Kxe7 25. Rxe2+ Kd6 26. f4 h5 27. Kf2 d4 28. Re5 Rc5 29.
Re8 Kd5 30. a4 Rc2+ 31. Kf3 Rc3+ 32. Ke2 Rc2+ 33. Kd3 Rxg2 34. Re5+ Kd6 35. Kxd4 Rxh2 36. Rg5 Rd2+ 37. Ke3 Ra2 38.
Rxg6+ Kd5 39. Rg5+ Ke6 40. Ra5 h4 41. Ke4 h3 42. Ra6+ Kf7 43. Rxa7+ Kg8 44. Ra8+ Kg7 45. Ra7+ Kg8 46.
Ra8+ 1/2-1/2

[Event "Chess Festival Groningen 2023 | A"]
[Site "Groningen, Netherlands"]
[Date "2023.12.26"]
[Round "5.12"]
[White "Palchuk, Andrii"]
[Black "Sanket, Chakravarty"]
[Result "1-0"]
[TimeControl "90min/40moves + 30min + 30sec/move"]
[BlackFideId "25032038"]
[WhiteElo "2328"]
[BlackElo "2361"]

1. d4 Nf6 2. Nf3 g6 3. c4 Bg7 4. g3 O-O 5. Bg2 d6 6. O-O Nbd7 7. Qc2 e5 8. Rd1 Qe7 9. e4 exd4 10.
Nxd4 Nc5 11. Nc3 Re8 12. f3 c6 13. b3 Nfd7 14. h3 h5 15. Kh1 h4 16. g4 Ne5 17. Be3 a5 18. Bf2 a4 19.
Rab1 axb3 20. axb3 Bh6 21. Nce2 Ne6 22. Nxe6 Bxe6 23. Re1 c5 24. Nc3 Qf6 25. Rf1 Nc6 26. Nb5 Nb4 27. Qd1 Red8 28.
Be1 Bf4 29. Bc3 Be5 30. Bd2 Nd3 31. g5 Qe7 32. f4 Bd4 33. Qf3 Nf2+ 34. Kh2 Bxh3 35. Nxd4 Bxg2 36. Qxg2 Nxe4 37. Rbe1 cxd4 38.
Rxe4 Qc7 39. Rxd4 Qb6 40. Rd3 Ra2 41. Rf2 Ra3 42. Qf3 Re8 43. f5 d5 44. fxg6 Qd6+ 45. Qf4 Qxg6 46. Rxd5 Rxb3 47.
Rd6 Qg7 48. Rf6 Re7 49. Qb8+ Kh7 50. Rh6+ 1-0

[Event "Chess Festival Groningen 2023 | A"]
[Site "Groningen, Netherlands"]
[Date "2023.12.26"]
[Round "5.13"]
[White "De Boer, Eelke"]
[Black "Adamovics, Aleksejs"]
[Result "1-0"]
[TimeControl "90min/40moves + 30min + 30sec/move"]
[WhiteElo "2346"]
[BlackElo "2015"]

1. e4 c5 2. Nf3 Nc6 3. d4 cxd4 4. Nxd4 Nf6 5.
Nc3 e5 6. Ndb5 d6 7. Bg5 a6 8. Na3 b5 9. Nab1 Be7 10. Bxf6 Bxf6 11. a4 b4 12. Nd5 O-O 13. Bc4 g6 14.
O-O Kh8 15. c3 Rb8 16. cxb4 Nxb4 17. Nxb4 Rxb4 18. b3 Bg7 19. Nc3 f5 20. Qe2 fxe4 21. Rad1 Bb7 22. Nd5 Bxd5 23. Rxd5 a5 24.
Qxe4 Rf4 25. Qd3 Rb6 26. Qd2 Rb8 27. Qxa5 Qg5 28.
Rxd6 Rbf8 29. Qd2 Bh6 30. g3 Qh5 31. Rd8 Rd4 32.
Rxf8+ Bxf8 33. Qa5 Qf5 34. Re1 Bd6 35. Kg2 Kg7 36. Re2 h5 37. Qa7+ Kh6 38. Qf7 Qg5 39. h4 Qd8 40. Qf3 Kg7 41.
a5 g5 42. hxg5 Qxg5 43. a6 h4 44. a7 hxg3 45. Qxg3 1-0

[Event "Chess Festival Groningen 2023 | A"]
[Site "Groningen, Netherlands"]
[Date "2023.12.26"]
[Round "5.14"]
[White "Kovchan, Alexander"]
[Black "Jacobs, Florian"]
[Result "1-0"]
[TimeControl "90min/40moves + 30min + 30sec/move"]
[WhiteElo "2491"]
[BlackElo "2218"]

1. c4 e6 2. Nf3 Nf6 3. d4 d5 4. g3 Bb4+ 5. Bd2 Be7 6. Bg2 O-O 7. O-O Nbd7 8. Qc2 c6 9. Bf4 b6 10.
cxd5 cxd5 11. Bc7 Qe8 12. Nc3 Bb7 13. Rfc1 a6 14. Qb3 b5 15. a4 b4 16. a5 Bc6 17. Na4 Bb5 18. Nb6 Ra7 19.
Ne5 Nc5 20. dxc5 Rxc7 21. Qxb4 Bxe2 22. Qd4 Bb5 23. b4 Qd8 24. Bf1 Bxf1 25. Kxf1 Ne8 26. b5 axb5 27. a6 Ra7 28. Nc6 Bf6 29.
Nxd8 Bxd4 30. Nc6 Bxa1 31. Rxa1 1-0

[Event "Chess Festival Groningen 2023 | A"]
[Site "Groningen, Netherlands"]
[Date "2023.12.26"]
[Round "5.15"]
[White "Kumar, Prajit Sai"]
[Black "Nevednichy, Vladislav"]
[Result "0-1"]
[TimeControl "90min/40moves + 30min + 30sec/move"]
[WhiteElo "2172"]
[BlackElo "2452"]

1. e4 c6 2. d4 d5 3. e5 Bf5 4. h4 h6 5. g4 Bd7 6. Nc3 e6 7. Be3 h5 8. gxh5 Nh6 9. Bd3 c5 10.
dxc5 Nc6 11. Nf3 Ng4 12. Qe2 Nxe3 13. Qxe3 d4 14. Nxd4 Nxd4 15. Qxd4 Bc6 16. Qxd8+ Rxd8 17. Rh3 Rxh5 18.
f4 Bxc5 19. O-O-O Be7 20. Be4 g5 21. Rxd8+ Bxd8 22. Bxc6+ bxc6 23. fxg5 Bxg5+ 24. Kd1 Bf4 25. Ke2 Bxe5 26. b4 Ke7 27.
Ne4 f5 28. Ng5 Bd6 29. a3 Bf4 30. Rc3 Rxh4 31. Nf3 Rg4 32. Rxc6 Kd7 33. Ra6 Bb8 34. c3 e5 35. Ra5 Ke6 36.
a4 Rg2+ 37. Kf1 Rc2 38. Ng5+ Kf6 39. Nh7+ Kg7 40. Rb5 Kxh7 41. Rxb8 Rxc3 42. Rb5 Re3 43. Rb7+ Kg6 44. Rxa7 Rb3 45.
b5 f4 46. Rc7 Kf5 47. Rc4 e4 48. Rc5+ Kg4 49. a5 Kf3 50. Kg1 e3 51. a6 Rb1+ 52. Kh2 Ra1 53. Re5 e2 54. Re8 Kf2 55.
Kh3 f3 56. Kg4 Ra4+ 57. Kf5 e1=Q 58. Rxe1 Kxe1 0-1

[Event "Chess Festival Groningen 2023 | A"]
[Site "Groningen, Netherlands"]
[Date "2023.12.26"]
[Round "5.16"]
[White "Ritzerveld, Noah"]
[Black "Van Foreest, Machteld"]
[Result "0-1"]
[TimeControl "90min/40moves + 30min + 30sec/move"]
[WhiteElo "1997"]
[BlackElo "2344"]

1. e4 c6 2. d4 d5 3. Nc3 dxe4 4. Nxe4 Nf6 5. Nxf6+ exf6 6. c3 Bd6 7. Bd3 O-O 8. Qc2 c5 9.
dxc5 Bxc5 10. Bf4 g6 11. O-O-O Qb6 12. h4 Be6 13. h5 g5 14. Bxh7+ Kh8 15. Bg3 Na6 16. Nf3 Rac8 17. a3 Bb3 18.
Qf5 Bxd1 19. Nxg5 Bxa3 20. Nxf7+ Rxf7 21. Qxc8+ Rf8 22. Qc4 Qxb2+ 23. Kxd1 Rd8+ 24. Bd3 Nc5 0-1

[Event "Chess Festival Groningen 2023 | A"]
[Site "Groningen, Netherlands"]
[Date "2023.12.26"]
[Round "5.17"]
[White "Nagarkatte, Vedant"]
[Black "Kanyamarala, Trisha"]
[Result "1-0"]
[TimeControl "90min/40moves + 30min + 30sec/move"]
[WhiteFideId "25636227"]
[WhiteElo "2320"]
[BlackElo "2184"]

1. e4 c5 2. Nf3 d6 3. d4 cxd4 4.
Nxd4 Nf6 5. Nc3 Nc6 6. Bc4 e6 7. Be3 a6 8. Qe2 Bd7 9. O-O-O b5 10. Bb3 Qa5 11. Nd5 Nxd4 12. Nxf6+ gxf6 13.
Bxd4 Be7 14. Qh5 Qc7 15. f4 Rf8 16. f5 O-O-O 17. Qxh7 Rde8 18. Qh5 a5 19. a3 Kb8 20. Qf3 Rc8 21.
Rd2 Qb7 22. Re1 Bd8 23. Red1 a4 24. Ba2 Ba5 25. c3 b4 26. axb4 Bxb4 27. Kb1 Ba5 28. Bxf6 Bc6 29. Ka1 Bxe4 30.
Qg3 Bc7 31. Rd4 d5 32. Be5 Qc6 33. Rb4+ Ka8 34. Rdd4 Ba5 35. Rxa4 Qb5 36. Qe1 Bc2 37. Ra3 Kb7 38. Qc1 Bb6 39.
Qxc2 Ra8 40. Rb4 Qf1+ 41. Qb1 Qxg2 42. Bd4 1-0

[Event "Chess Festival Groningen 2023 | A"]
[Site "Groningen, Netherlands"]
[Date "2023.12.26"]
[Round "5.18"]
[White "Elgersma, Onno"]
[Black "Nicolai, Amir"]
[Result "1/2-1/2"]
[TimeControl "90min/40moves + 30min + 30sec/move"]
[WhiteElo "2310"]
[BlackElo "2156"]

1. e4 e5 2. Nf3 Nc6 3. Bb5 a6 4. Ba4 Nf6 5. O-O Bc5 6. c3 O-O 7. d4 Ba7 8. dxe5 Nxe4 9. Bc2 d5 10.
exd6 Nxd6 11. Bg5 f6 12. Bf4 g5 13. Qd3 Qd7 14. Bxd6 cxd6 15. Nbd2 Ne5 16. Qd5+ Qe6 17. Bb3 Qxd5 18.
Bxd5+ Kg7 19. Rad1 Rb8 20. Nc4 Rd8 21. Rfe1 Bg4 22. Ne3 Bxe3 23. Rxe3 Bxf3 24. Bxf3 Nxf3+ 25. Rxf3 Rbc8 26. h4 h6 27.
Rfd3 Rc6 28. Re1 Kf7 29. hxg5 hxg5 30. Rh3 b5 31. Rh7+ Kg6 32. Ra7 Kf5 33. f3 d5 34. g4+ Kf4 35.
Kg2 Rdd6 36. Rd1 f5 37. Rf7 Rf6 38. Re7 Rce6 39. Rd4+ Ke5 40. Rd7 Rd6 41. Re7+ Rde6 42. Rg7 Rg6 43.
Rxg6 Rxg6 44. gxf5 Rf6 45. Kg3 Rxf5 46. Kg4 Rf8 47. Rd3 Rg8 48. Rd2 a5 49. Re2+ Kf6 50. Rh2 b4 51. Rh6+ Ke5 52.
Rc6 bxc3 53. bxc3 Rf8 54. Rg6 Rf4+ 55. Kg3 1/2-1/2

[Event "Chess Festival Groningen 2023 | A"]
[Site "Groningen, Netherlands"]
[Date "2023.12.26"]
[Round "5.19"]
[White "Albers, Sasa"]
[Black "Kanyamarala, Tarun"]
[Result "0-1"]
[TimeControl "90min/40moves + 30min + 30sec/move"]
[WhiteElo "2192"]
[BlackElo "2305"]

1. e4 c5 2. Nf3 d6 3. d4 cxd4 4. Nxd4 Nf6 5. Nc3 a6 6. Be3 Ng4 7. Bg5 h6 8. Bh4 g5 9. Bg3 Bg7 10. h3 Nf6 11. Be2 Qb6 12. Nb3 Nc6 13. Qd2 Be6 14. Rd1 Rc8 15. h4 g4 16. h5 Qd8 17.
Qe3 Nb4 18. Rd2 b5 19. Nd4 Qd7 20. a3 Nc6 21. e5 dxe5 22. Nf5 Qxd2+ 23. Qxd2 Bxf5 24. Bd3 Be6 25. Ne4 Nd7 26. O-O f5 27.
f3 gxf3 28. Rxf3 Nd4 29. Rf1 Bc4 30.
Nc3 e6 31. Bf2 Bf6 32. Bxc4 Rxc4 33. Bxd4 exd4 34. Ne2 Bg5 35. Nf4 e5 36. Qe2 Bxf4 37. Rxf4 d3 38. Qxd3 Rxf4 39. Qd6 Rg4 40. Qxa6 Rhg8 41. Qe6+ Kd8 42. Qxf5 Rxg2+ 43. Kh1 R2g4 44. Qf2 R8g5 45. Qh2 Nf6 0-1

[Event "Chess Festival Groningen 2023 | A"]
[Site "Groningen, Netherlands"]
[Date "2023.12.26"]
[Round "5.20"]
[White "Kazarjan, Gachatur"]
[Black "De Jong, Migchiel"]
[Result "0-1"]
[TimeControl "90min/40moves + 30min + 30sec/move"]
[WhiteElo "2078"]
[BlackElo "2301"]

1. e4 e6 2. d4 d5 3. e5 c5 4. c3 Ne7 5. Nf3 Nec6 6.
a3 a5 7.
Bd3 b6 8. Qe2 Ba6 9. Bxa6 Nxa6 10. b4 axb4 11. axb4 Nc7 12. Rxa8 Qxa8 13. bxc5 bxc5 14. O-O Be7 15. Be3 c4 16.
Nfd2 Qa2 17. f4 Qc2 18. Rf3 g6 19. Qe1 Kd7 20. Bf2 Rb8 21. g4 Rb2 22. Bg3 Nb5 23. Rf2 Nxc3 0-1

[Event "Chess Festival Groningen 2023 | A"]
[Site "Groningen, Netherlands"]
[Date "2023.12.26"]
[Round "5.21"]
[White "Aashman, Gupta"]
[Black "Van Helvoort, Rob"]
[Result "1-0"]
[TimeControl "90min/40moves + 30min + 30sec/move"]
[WhiteFideId "45022500"]
[WhiteElo "2235"]
[BlackElo "2098"]

1. d4 e6 2. c4 b6 3. Nc3 Bb7 4.
Nf3 f5 5. g3 Nf6 6. Bg2 Be7 7. O-O O-O 8. d5 Qc8 9. a3 a5 10. Bf4 Na6 11. Rc1 Ne8 12. e4 fxe4 13. Nxe4 exd5 14.
cxd5 Nc5 15. Nxc5 bxc5 16. Re1 Bd6 17. Bxd6 cxd6 18. Ng5 Nf6 19. Qd3 Re8 20. Ne4 Nxe4 21. Bxe4 h6 22. Bg6 Rxe1+ 23. Rxe1 Qf8 24. Re3 Qf6 25. Rf3 Qe5 26. Rf5 Qe1+ 27. Qf1 Qxf1+ 28. Kxf1 Ba6+ 29. Ke1 Bd3 30. Bf7+ Kh7 31.
Rf3 c4 32. Kd2 Rb8 33. Kc1 Rf8 34. Bg6+ Kg8 35. Rxf8+ Kxf8 36. Bxd3 a4 1-0

[Event "Chess Festival Groningen 2023 | A"]
[Site "Groningen, Netherlands"]
[Date "2023.12.26"]
[Round "5.22"]
[White "Toktomushev, Teimur"]
[Black "Van Batenburg, Mees"]
[Result "1-0"]
[TimeControl "90min/40moves + 30min + 30sec/move"]
[WhiteElo "2249"]
[BlackElo "2109"]

1. d4 e6 2. Nf3 f5 3. g3 Nf6 4. Bg2 Be7 5. O-O O-O 6.
c4 d6 7.
Nc3 Ne4 8. Nxe4 fxe4 9. Nd2 d5 10.
f3 Nc6 11. fxe4 Rxf1+ 12. Kxf1 dxc4 13. Nf3 b5 14. Be3 Qe8 15. d5 Nb4 16. a3 Na6 17. b4 Bb7 18. Bh3 exd5 19. Be6+ Kh8 20.
Ne5 Bf6 21. Nf7+ Kg8 22. exd5 Kf8 23. Ng5 Qg6 24. Qb1 Qxb1+ 25. Rxb1 h5 26. Nh7+ Ke7 27. Nxf6 gxf6 28. a4 c6 29. axb5 cxb5 30. Ra1 Nc7 31. Bc5+ Ke8 32. Bf5 Bxd5 33. Bd6 Be6 34. Bg6+ Kd7 35. Rd1 Nd5 36. Bc5 Kc7 37. Bxh5 a6 38. Bf3 Rd8 39. e4 Nc3 40. Bb6+ Kxb6 41. Rxd8 Bh3+ 42. Ke1 Na2 43. Rd6+ Ka7 44.
Rxf6 Nxb4 45. Kd2 Nd3 46. g4 Nc5 47. g5 b4 48. g6 c3+ 49. Kc2 Bf1 50. Rd6 Bc4 51. g7 Na4 52. Bd1 b3+ 53. Kb1 Nb2 54. Bxb3 Bxb3 55.
Rd7+ Kb6 56. Rd8 Nc4 57. Rb8+ 1-0

[Event "Chess Festival Groningen 2023 | A"]
[Site "Groningen, Netherlands"]
[Date "2023.12.26"]
[Round "5.23"]
[White "Smeets, Kobe"]
[Black "Boeren, Jurriaan"]
[Result "1/2-1/2"]
[TimeControl "90min/40moves + 30min + 30sec/move"]
[WhiteElo "2239"]
[BlackElo "2102"]

1. e4 e6 2. d4 d5 3. Nc3 Nf6 4. Bg5 dxe4 5. Nxe4 Be7 6. Bxf6 gxf6 7. Nf3 f5 8. Nc3 a6 9. Qd2 Qd6 10. g3 b5 11. Bg2 Bb7 12. a4 b4 13. Ne2 c5 14. O-O Nd7 15. Rad1 Rc8 16.
Rfe1 Bf6 17. Qh6 Qf8 18. Qh5 Be4 19. Nf4 Qe7 20. d5 O-O 21. dxe6 fxe6 22. Rxe4 fxe4 23. Bh3 Rc6 24. Nxe6 Rxe6 25. Qg4+ Kh8 26. Qxe6 Qxe6 27. Bxe6 exf3 28. Rxd7 Bxb2 29. Bd5 Rf6 30. Rf7 Rxf7 31. Bxf7 Kg7 32. Bd5 Kf6 33. Bxf3 Ke5 34. Bb7 a5 35. Kf1 Kd4 36. Ke2 Kc3 37. Kd1 b3 38.
cxb3 Kxb3 39. Be4 h6 40. Bc2+ Kb4 41. f4 Bd4 42. Ke2 Kc3 43.
Kd1 1/2-1/2

[Event "Chess Festival Groningen 2023 | A"]
[Site "Groningen, Netherlands"]
[Date "2023.12.26"]
[Round "5.24"]
[White "Labruyere, Roger"]
[Black "Boer, Alef"]
[Result "1/2-1/2"]
[TimeControl "90min/40moves + 30min + 30sec/move"]
[WhiteElo "2208"]
[BlackElo "2017"]

1. e4 e5 2. Bc4 Nf6 3. d3 Bc5 4.
Nf3 d6 5. h3 h6 6. c3 O-O 7. O-O a6 8.
d4 exd4 9. cxd4 Ba7 10. Nc3 Nxe4 11. Nxe4 d5 12. Bd3 dxe4 13. Bxe4 Nd7 14. Bf4 Re8 15. Bc2 c6 16. Qd3 Nf8 17.
Rad1 Be6 18. Ne5 Qf6 19. Qg3 Rad8 20. Be3 Bb8 21. f4 Bf5 22. Bb3 Bxe5 23. fxe5 Qg6 24. Qf2 Be6 25. Bc2 Qh5 26.
Bc1 Ng6 27. Qe3 Rd7 28. b3 Red8 29. Bb2 Qh4 30. Rd2 c5 31. d5 Rxd5 32. Rxd5 Rxd5 33. Be4 Rd7 34. Bxg6 fxg6 35. Qxc5 Qg3 36. Qf2 Qg5 37. h4 Qg4 38. Ba3 Rd1 39. Rxd1 Qxd1+ 40. Kh2 Qg4 41. Bc1 Bd5 42.
Be3 Kh7 43. Qg3 1/2-1/2

[Event "Chess Festival Groningen 2023 | A"]
[Site "Groningen, Netherlands"]
[Date "2023.12.26"]
[Round "5.25"]
[White "Ter-Avetisjana, Agnesa Stepania"]
[Black "Mierins, Emils Janis"]
[Result "0-1"]
[TimeControl "90min/40moves + 30min + 30sec/move"]
[WhiteFideId "11614900"]
[WhiteElo "1974"]
[BlackElo "2258"]

1. d4 Nf6 2. Nf3 c5 3. e3 g6 4. Bd3 Bg7 5. O-O O-O 6. b3 cxd4 7. exd4 d5 8. Bb2 Nc6 9. Ne5 Nb4 10. Be2 Bf5 11. g4 Bd7 12. c4 dxc4 13. bxc4 Nc6 14. d5 Nxe5 15.
Bxe5 Ne8 16. Bxg7 Kxg7 17. Qd4+ Kg8 18. f4 b6 19. Nd2 Nd6 20. Rac1 Rc8 21. Rc3 Qc7 22. Re3 Rfe8 23. Rf2 b5 24.
f5 bxc4 25. fxg6 fxg6 26. Nxc4 Nxc4 27. Rc3 Qb6 28. Rxc4 Rxc4 29. Qxc4 Rf8 30. d6+ e6 31. Bf3 Rxf3 32. Qe2
Qxf2+ 0-1

[Event "Chess Festival Groningen 2023 | A"]
[Site "Groningen, Netherlands"]
[Date "2023.12.26"]
[Round "5.26"]
[White "Jaiveer, Mahendru"]
[Black "Schuricht, Emil Frederick"]
[Result "1-0"]
[TimeControl "90min/40moves + 30min + 30sec/move"]
[WhiteFideId "25611151"]
[WhiteElo "2294"]
[BlackElo "2095"]

1. e4 c6 2. d4 d5 3. f3 dxe4 4. fxe4 e5 5. Nf3 Bg4 6. c3 Nd7 7. Bc4 Bd6 8.
Qb3 Qe7 9. Qxb7 Rb8 10. Qxc6 Bxf3 11. gxf3 Ngf6 12. dxe5 Bxe5 13. Be3 O-O 14. Nd2 Rxb2 15. Bb3 Bd6 16. Qa6 Bc5 17. Qe2 Rd8 18. Rd1 Ne5 19. O-O Nxe4 20. fxe4 Qg5+ 21. Kh1 Bxe3 22. Rf5 Qh4 23. Qxe3 Qxh2+ 24. Kxh2 Ng4+ 25. Kg3 Nxe3 26. Rxf7 Rxb3 27. Nxb3 Nxd1 28. Rxa7 Nxc3 29. e5 Re8 30. Kf4 g5+ 31. Kf5 g4 32. Nc5 g3 33. Nd7 Rf8+ 34. Nf6+ Rxf6+ 35. exf6 Ne2 36. Rg7+ Kf8 37. a4 h5 38. a5 h4 39. a6 Nd4+ 40. Kg4 g2 41. Kh3 Nb5 42. Kxg2 1-0

[Event "Chess Festival Groningen 2023 | A"]
[Site "Groningen, Netherlands"]
[Date "2023.12.26"]
[Round "5.27"]
[White "Besou, Hussain"]
[Black "Goudriaan, Rafael"]
[Result "0-1"]
[TimeControl "90min/40moves + 30min + 30sec/move"]
[WhiteElo "2280"]
[BlackElo "2039"]

1. e4 c6 2. d4 d5 3. e5 c5 4. Nf3 Nc6 5. dxc5 Bg4 6. c3 e6 7. Be3 Nge7 8. Bd4 Ng6 9.
Nbd2 f6 10. Qb3 Qd7 11. exf6 e5 12. f7+ Qxf7 13. Be3 Qd7 14. O-O-O Bf5 15. Bb5 a6 16. Ba4 O-O-O 17. Qb6 Qc7 18.
Nb3 Be7 19. Bxc6 Qxc6 20. Qxc6+ bxc6 21. h3 Rhf8 22. Rhe1 h6 23. Na5 Bd7 24. Re2 Rf5 25. Ne1 Rdf8 26. Nd3 Bd8 27. Nb3 h5 28.
f3 Re8 29. Rde1 Rff8 30. Bd2 Bh4 31. Rd1 Bd8 32. a4 Bf5 33. Nf2 Nh4 34. Rg1 Bg6 35. Kd1 Nf5 36. g3 h4 37. Ng4 Nxg3 38.
Rxe5 Rxf3 39. Nd4 Rxe5 40. Nxe5 Rf6 41. Bg5 Bh5+ 42. Kc1 Rf1+ 43. Rxf1 Bxg5+ 44. Kc2 Nxf1 45. Ndxc6 Ne3+ 46. Kd3 Ng2 47.
b4 Nf4+ 48. Kd4 Be8 49. b5 axb5 50. axb5 Bf6 51. Ke3 Nxh3 52. b6 Ng5 53. c4 dxc4 54. Na7+ Kb7 55. Nxc4 Be7 56. c6+ Bxc6 57. Na5+ Kxb6 58. N7xc6 Bc5+ 59. Kf4 Bd6+ 60. Ke3 h3 61. Kf2 Ne4+ 0-1